[Event "Paracin Open 2022"]
[Site "Paracin"]
[Date "2022.07.09"]
[Round "2.7"]
[White "Gundavaa, Bayarsaikhan"]
[Black "Ristic, Nenad"]
[Result "1/2-1/2"]
[ECO "B11"]
[WhiteElo "2503"]
[BlackElo "2293"]
[Annotator "TA"]
[PlyCount "49"]
[EventDate "2022.07.08"]
[EventCountry "SRB"]
[SourceTitle "playchess.com"]
[Source "ChessBase"]
[SourceQuality "1"]
[TimeControl "5400+30"]

1. e4 c6 2. Nc3 d5 3. Nf3 dxe4 4. Nxe4 Nf6 5. Qe2 Nxe4 6. Qxe4 Qd5 {[%emt 0:01:56] B11: Caro-Kann: Two Knights Variation.} 7. Qf4 Qd6 8. Qe3 {[%emt 0:13:05] [#]} ({Reject} 8. Ne5 f6 9. Nd3 Qxf4 10. Nxf4 e5 $15) 8... g6 $146 {[%emt 0:05:20] The position is equal.} ({Predecessor:} 8... Bf5 9. d3 Nd7 10. g3 Qe6 11. Bg2 Qxe3+ 12. Bxe3 e5 13. O-O-O Be7 14. d4 Be4 {1-0 (53) McShane,L (2655)-Harvey,M (2464) London 2021}) 9. Bc4 {[%emt 0:02:06] Threatens to win with Ng5.} Bg7 10. O-O O-O (10... c5 {is more complex.} 11. Ng5 O-O 12. d3 Nc6) 11. Re1 b5 12. Bb3 c5 $1 {[%emt 0:01:56] [#] Hoping for ...c4.} 13. d3 {[%emt 0:12:59] Inhibits c4.} ({Don't go for} 13. Qxe7 $2 Qxe7 14. Rxe7 c4 $19) 13... Nc6 14. Ng5 Bf5 15. Ne4 Bxe4 16. Qxe4 e6 17. Bf4 Qd7 18. c3 a5 {[%emt 0:02:56] [#] White must now prevent ...a4.} 19. a4 b4 20. Rac1 bxc3 21. bxc3 Ne7 22. Bc4 Qxa4 23. Bd6 Qd7 24. Bxc5 Rfc8 25. d4 {[%emt 0:09:18] Weighted Error Value: White=0.10 (very precise) /Black=0.04 (flawless)} 1/2-1/2

[Event "Paracin Open 2022"]
[Site "Paracin"]
[Date "2022.07.09"]
[Round "2.8"]
[White "Zemlyanskii, Ivan"]
[Black "Arjun Kalyan"]
[Result "1/2-1/2"]
[ECO "D35"]
[WhiteElo "2269"]
[BlackElo "2499"]
[Annotator "TA"]
[PlyCount "136"]
[EventDate "2022.07.08"]
[EventCountry "SRB"]
[SourceTitle "playchess.com"]
[Source "ChessBase"]
[SourceQuality "1"]
[TimeControl "5400+30"]

1. d4 Nf6 2. c4 e6 3. Bf4 d5 4. Nc3 dxc4 5. e3 Nd5 6. Bxc4 {[%emt 0:00:15] D35: Queen's Gambit Declined: Exchange Variation.} Nxf4 7. exf4 Bd6 8. Qd2 {[%emt 0:05:31] [#] White has an edge.} a6 $146 ({Predecessor:} 8... Nd7 9. Nf3 Nb6 10. Bb3 c6 11. O-O O-O 12. Rfe1 Nd5 13. Ne5 a5 14. a3 Nxc3 15. Qxc3 {0-1 (68) Loyfenfeld,Y (2422)-Rotstein,J (2210) Germany 2011}) 9. Nf3 b5 10. Bd3 Bb7 11. Be4 Bxe4 12. Nxe4 Nc6 13. O-O O-O 14. Rfd1 Ne7 15. g3 Nd5 16. Rac1 h6 17. Qe2 Qe8 18. Ne5 Bxe5 19. dxe5 Qe7 20. f5 (20. Nc5 $14) 20... exf5 $11 21. Rxd5 {[%emt 0:00:14] aiming for Nc5.} fxe4 22. Qxe4 Rad8 23. Rdc5 Rd2 (23... Rd1+ $5 24. Rxd1 Qxc5 $14) 24. R1c2 (24. b4 $14) 24... Rxc2 25. Qxc2 {[%emt 0:00:05][%mdl 4096] Endgame KQR-KQR} Rd8 26. b4 Rd7 27. a3 (27. Qe4 {is interesting.} Rd1+ 28. Kg2 Qd7 29. Qa8+) 27... Qd8 28. Qe4 Rd1+ 29. Kg2 Qd3 30. Qxd3 Rxd3 31. Rxc7 Rxa3 {[%emt 0:00:03] KR-KR} 32. Ra7 g5 33. f4 gxf4 34. gxf4 Ra4 35. Kg3 Rxb4 36. Rxa6 Kg7 37. Rb6 Rb3+ 38. Kg4 Rb2 39. h4 b4 (39... Rb4 $11 {keeps the balance.}) 40. Rb7 $1 $16 {[%emt 0:00:13] f5 is the strong threat.} Kg8 $2 (40... b3 $16) 41. Kf5 $2 (41. Kh5 $1 $18 {and the rest is easy.} Rc2 42. Kxh6 Rc6+ 43. Kg5 Rg6+ 44. Kh5) 41... b3 {[%emt 0:04:45] [#]} 42. Rb8+ (42. h5 $1 $16) 42... Kg7 $11 43. Rb7 ({White should try} 43. Rb5 $11) 43... Kg8 $1 $16 {[%emt 0:00:03] [#]} 44. Kf6 (44. h5 $1 $16) 44... Rf2 $11 {[%emt 0:00:13] The position is equal.} 45. f5 b2 46. Rb8+ Kh7 47. Rb7 Kg8 48. h5 Re2 49. Rb6 Rf2 50. e6 fxe6 51. Kxe6 Re2+ 52. Kf6 Rg2 53. Rb8+ $1 Kh7 54. Ke6 Re2+ 55. Kf7 Rc2 56. f6 $1 Rc7+ 57. Ke6 Rc6+ 58. Ke7 Rc7+ 59. Kd6 Rc2 60. f7 Rf2 61. Ke6 Kg7 62. Rg8+ Kh7 63. Rg1 Re2+ 64. Kd7 Rd2+ 65. Ke7 Re2+ 66. Kf8 Kh8 67. Rg8+ Kh7 68. Rg7+ Kh8 {[%emt 0:00:01] Weighted Error Value: White=0.29 (precise) /Black=0.21 (precise)} 1/2-1/2

[Event "Paracin Open 2022"]
[Site "Paracin"]
[Date "2022.07.09"]
[Round "2.9"]
[White "Ibadov, Dashgyn"]
[Black "Makhnev, Denis"]
[Result "1-0"]
[ECO "D02"]
[WhiteElo "2262"]
[BlackElo "2492"]
[Annotator "RC"]
[PlyCount "41"]
[EventDate "2022.07.08"]
[EventCountry "SRB"]
[SourceTitle "playchess.com"]
[Source "ChessBase"]
[SourceQuality "1"]
[TimeControl "5400+30"]

1. d4 Nf6 2. Nf3 e6 3. Bf4 d5 4. e3 c5 5. c3 Nc6 6. Nbd2 Nh5 7. Bg5 Qb6 8. Rb1 h6 9. Bh4 g5 10. Ne5 Nf4 11. Nxc6 bxc6 12. Bg3 Ng6 13. Bd3 Ba6 14. Qe2 Bxd3 15. Qxd3 Qb5 16. c4 Qa6 17. O-O Rd8 18. f4 gxf4 19. exf4 f5 20. Rbe1 Kf7 21. Rxe6 1-0

[Event "Paracin Open 2022"]
[Site "Paracin"]
[Date "2022.07.09"]
[Round "2.10"]
[White "Koustav Chatterjee"]
[Black "Han, Yichen"]
[Result "1-0"]
[ECO "A11"]
[WhiteElo "2485"]
[BlackElo "2286"]
[Annotator "RC"]
[PlyCount "53"]
[EventDate "2022.07.08"]
[EventCountry "SRB"]
[SourceTitle "playchess.com"]
[Source "ChessBase"]
[SourceQuality "1"]
[TimeControl "5400+30"]

1. Nf3 Nf6 2. c4 c6 3. g3 d5 4. Bg2 dxc4 5. O-O Nbd7 6. Na3 Nb6 7. Ne5 Be6 8. Qc2 Qd4 9. Nxc6 bxc6 10. Bxc6+ Bd7 11. Bxa8 Nxa8 12. Nxc4 Nb6 13. d3 Nxc4 14. dxc4 e6 15. Be3 Qg4 16. Rfd1 Qh3 17. Qb3 Be7 18. Rxd7 Nxd7 19. Rd1 f5 20. Qb5 O-O 21. Rxd7 Bf6 22. c5 g5 23. c6 f4 24. Bc5 Qf5 25. Qd3 Qxd3 26. exd3 Rc8 27. c7 1-0

[Event "Paracin Open 2022"]
[Site "Paracin"]
[Date "2022.07.09"]
[Round "2.11"]
[White "Suleymenov, Alisher"]
[Black "Sredojevic, Ivan"]
[Result "1-0"]
[ECO "D35"]
[WhiteElo "2467"]
[BlackElo "2254"]
[Annotator "RC"]
[PlyCount "55"]
[EventDate "2022.07.08"]
[EventCountry "SRB"]
[SourceTitle "playchess.com"]
[Source "ChessBase"]
[SourceQuality "1"]
[TimeControl "5400+30"]

1. d4 Nf6 2. c4 e6 3. Nc3 d5 4. cxd5 Nxd5 5. e4 Nxc3 6. bxc3 c5 7. Rb1 cxd4 8. cxd4 Be7 9. Nf3 O-O 10. Bc4 Nc6 11. O-O b6 12. a3 Bb7 13. d5 Na5 14. Ba2 exd5 15. exd5 Rc8 16. Qd3 Bf6 17. Bd2 Qd7 18. Rb4 Rfe8 19. Rf4 Qd6 20. g3 Be5 21. Ng5 Bxf4 22. Qxh7+ Kf8 23. Bxf4 Qg6 24. Qxg6 fxg6 25. d6 Re2 26. d7 Rxa2 27. Bd6+ Kg8 28. Re1 1-0

[Event "Paracin Open 2022"]
[Site "Paracin"]
[Date "2022.07.09"]
[Round "2.12"]
[White "Ojas Kulkarni"]
[Black "Nitish Belurkar"]
[Result "1/2-1/2"]
[ECO "E70"]
[WhiteElo "2244"]
[BlackElo "2460"]
[Annotator "RC"]
[PlyCount "32"]
[EventDate "2022.07.08"]
[EventCountry "SRB"]
[SourceTitle "playchess.com"]
[Source "ChessBase"]
[SourceQuality "1"]
[TimeControl "5400+30"]

1. d4 Nf6 2. c4 g6 3. Nc3 Bg7 4. e4 d6 5. Bd3 O-O 6. Nge2 e5 7. d5 a5 8. O-O Na6 9. f3 Nc5 10. Bc2 Bd7 11. Be3 Qe8 12. b3 Qe7 13. a3 Na6 14. Rb1 c5 15. g4 Ne8 16. Ng3 Nec7 1/2-1/2

[Event "Paracin Open 2022"]
[Site "Paracin"]
[Date "2022.07.09"]
[Round "2.13"]
[White "Agmanov, Zhandos"]
[Black "Baasansuren, Erdene"]
[Result "1-0"]
[ECO "B90"]
[WhiteElo "2459"]
[BlackElo "2243"]
[Annotator "RC"]
[PlyCount "151"]
[EventDate "2022.07.08"]
[EventCountry "SRB"]
[SourceTitle "playchess.com"]
[Source "ChessBase"]
[SourceQuality "1"]
[TimeControl "5400+30"]

1. e4 c5 2. Nf3 d6 3. d4 cxd4 4. Nxd4 Nf6 5. Nc3 a6 6. Nb3 e6 7. g4 b5 8. a3 Bb7 9. Bg2 Be7 10. g5 Nfd7 11. h4 Ne5 12. f4 Nc4 13. Nd4 Nc6 14. Nxc6 Bxc6 15. b3 Nb6 16. Bb2 h6 17. Qd4 hxg5 18. hxg5 Rxh1+ 19. Bxh1 f6 20. O-O-O Qc7 21. gxf6 gxf6 22. Rg1 O-O-O 23. Rg7 Rd7 24. Bg2 Bd8 25. Rg8 Rg7 26. Rxg7 Qxg7 27. Qxd6 Bd7 28. Qd2 Bc7 29. Kb1 Qg3 30. Bc1 Bc6 31. Bf1 Nd7 32. Qe3 Bxf4 33. Qxf4 Qxc3 34. Qh4 Kb7 35. Bd3 Qc5 36. Bb2 Qg1+ 37. Ka2 e5 38. Bc3 Qg5 39. Qh7 Qe3 40. Bb4 Qd4 41. Qf7 Kc7 42. Ba5+ Kb7 43. Qe7 Qc5 44. Qe6 Qf8 45. Bb4 Qc8 46. Bd6 Qd8 47. Qf7 Qb6 48. Be7 Qf2 49. Bd8 Qd4 50. Ba5 Qc5 51. Bb4 Qd4 52. Qh7 Kb6 53. Qe7 Kc7 54. Ba5+ Kb7 55. Qh7 Qd6 56. Bd8 Qe6 57. Be7 Kc8 58. Qh8+ Kb7 59. Qd8 a5 60. Kb2 a4 61. bxa4 bxa4 62. Kc3 Nb6 63. Bxf6 Nc8 64. Bg5 Qd6 65. Ba6+ Kxa6 66. Qxc8+ Kb5 67. Kb2 Qd4+ 68. Kb1 Qxe4 69. Qb8+ Kc4 70. Bd2 Qd4 71. Qc7 Kd5 72. Bb4 Qd1+ 73. Kb2 Qd4+ 74. Bc3 Qe3 75. Qf7+ Kc5 76. Qa7+ 1-0

[Event "Paracin Open 2022"]
[Site "Paracin"]
[Date "2022.07.09"]
[Round "2.14"]
[White "Ristic, Luka"]
[Black "Sturt, Raven"]
[Result "0-1"]
[ECO "A48"]
[WhiteElo "2243"]
[BlackElo "2457"]
[Annotator "RC"]
[PlyCount "118"]
[EventDate "2022.07.08"]
[EventCountry "SRB"]
[SourceTitle "playchess.com"]
[Source "ChessBase"]
[SourceQuality "1"]
[TimeControl "5400+30"]

1. d4 Nf6 2. Bf4 g6 3. e3 Bg7 4. Nf3 O-O 5. Be2 d6 6. h3 b6 7. O-O Bb7 8. c3 Nbd7 9. Bh2 Re8 10. Nbd2 e5 11. a4 a5 12. Qb3 Qe7 13. Qa3 exd4 14. cxd4 Nd5 15. Rac1 Rac8 16. Bb5 Nb4 17. Rfe1 f5 18. e4 fxe4 19. Nxe4 Bxe4 20. Rxe4 Qxe4 21. Qb3+ Kh8 22. Bxd7 Bh6 23. Rd1 Qc2 24. Qxc2 Nxc2 25. g4 Rf8 26. Bxc8 Rxc8 27. Kg2 Nb4 28. d5 Na6 29. b3 Nc5 30. g5 Bg7 31. Nd2 Rf8 32. h4 Bc3 33. Nc4 Bb4 34. Rb1 Kg8 35. Bg3 Kg7 36. Rb2 h5 37. gxh6+ Kxh6 38. Re2 Kg7 39. Re3 Rf5 40. Re7+ Rf7 41. Re3 Kf8 42. h5 gxh5 43. Bh4 Na6 44. Re6 Bc5 45. Rh6 Rf5 46. Rh7 Kg8 47. Rd7 Bd4 48. Rd8+ Kg7 49. Ra8 Nb4 50. Ra7 Rf7 51. Na3 Nxd5 52. Nb5 Bc5 53. Bg3 Kf6 54. Rb7 Ke6 55. Ra7 Rd7 56. Ra8 c6 57. Na7 Rc7 58. Re8+ Kd7 59. Ra8 b5 0-1

[Event "Paracin Open 2022"]
[Site "Paracin"]
[Date "2022.07.09"]
[Round "2.15"]
[White "Neelash Saha"]
[Black "Cilek, Bora"]
[Result "1-0"]
[ECO "E08"]
[WhiteElo "2446"]
[BlackElo "2238"]
[Annotator "RC"]
[PlyCount "73"]
[EventDate "2022.07.08"]
[EventCountry "SRB"]
[SourceTitle "playchess.com"]
[Source "ChessBase"]
[SourceQuality "1"]
[TimeControl "5400+30"]

1. d4 Nf6 2. c4 e6 3. g3 d5 4. Nf3 Be7 5. Bg2 O-O 6. O-O c6 7. Qc2 b6 8. Rd1 Nbd7 9. b3 Ba6 10. Bb2 Rc8 11. Nc3 b5 12. c5 b4 13. Nb1 Bb5 14. a3 a5 15. Ne1 Qc7 16. Nd3 Bxd3 17. Qxd3 e5 18. e3 e4 19. Qd2 Rb8 20. axb4 axb4 21. Ra4 Rb7 22. Qe1 Rfb8 23. Nd2 Ra7 24. Rda1 Rbb7 25. Bf1 Qb8 26. Ba6 Rc7 27. Nf1 Bxc5 28. dxc5 Nxc5 29. Rxb4 Qa8 30. Be2 Nfd7 31. Rxa7 Rxa7 32. Qc3 f6 33. Rd4 Ra2 34. Rd1 Qb7 35. Nd2 Ne5 36. Qxc5 Rxb2 37. Qc3 1-0

[Event "Paracin Open 2022"]
[Site "Paracin"]
[Date "2022.07.09"]
[Round "2.16"]
[White "Konyves, Almos"]
[Black "Nogerbek, Kazybek"]
[Result "0-1"]
[ECO "A40"]
[WhiteElo "2229"]
[BlackElo "2437"]
[Annotator "RC"]
[PlyCount "78"]
[EventDate "2022.07.08"]
[EventCountry "SRB"]
[SourceTitle "playchess.com"]
[Source "ChessBase"]
[SourceQuality "1"]
[TimeControl "5400+30"]

1. d4 Nf6 2. c4 b6 3. Nc3 Bb7 4. Bg5 e6 5. a3 Be7 6. e3 h6 7. Bh4 c5 8. Nf3 cxd4 9. exd4 O-O 10. Be2 d5 11. Bxf6 Bxf6 12. cxd5 Bxd5 13. Nxd5 Qxd5 14. Ne5 Bxe5 15. Bf3 Qxd4 16. Qxd4 Bxd4 17. Bxa8 Bxb2 18. Ra2 Bd4 19. Ke2 Na6 20. Bc6 Nc5 21. Rd1 e5 22. f4 Rc8 23. Bd5 Na4 24. fxe5 Nc3+ 25. Kd3 Nxd1 26. Kxd4 Nc3 27. Rf2 Rd8 28. Kxc3 Rxd5 29. Re2 Kf8 30. Re4 Ke7 31. Kc4 Ra5 32. Kb4 Ke6 33. Rc4 Rxe5 34. Rc7 Re2 35. Rxa7 Rxg2 36. Rb7 f5 37. Rxb6+ Kd5 38. Kc3 f4 39. Kd3 Rxh2 0-1

[Event "Paracin Open 2022"]
[Site "Paracin"]
[Date "2022.07.09"]
[Round "2.17"]
[White "Saurabh Anand"]
[Black "Srihari L R"]
[Result "0-1"]
[ECO "E11"]
[WhiteElo "2215"]
[BlackElo "2431"]
[Annotator "RC"]
[PlyCount "102"]
[EventDate "2022.07.08"]
[EventCountry "SRB"]
[SourceTitle "playchess.com"]
[Source "ChessBase"]
[SourceQuality "1"]
[TimeControl "5400+30"]

1. d4 Nf6 2. c4 e6 3. Nf3 Bb4+ 4. Bd2 Qe7 5. e3 Bxd2+ 6. Nbxd2 d6 7. Bd3 e5 8. Qc2 O-O 9. O-O Nc6 10. a3 Re8 11. d5 Nb8 12. e4 c5 13. Ne1 Nh5 14. g3 Bh3 15. Ng2 g6 16. Rae1 Nd7 17. Nf3 Qf6 18. Nfh4 Re7 19. Kh1 Rae8 20. Qd1 Qg7 21. Rg1 Bxg2+ 22. Rxg2 Qh6 23. Qc1 Qxc1 24. Rxc1 Kg7 25. Be2 Kh6 26. Rgg1 Rf8 27. g4 Nf4 28. Bf1 Kg7 29. Rg3 Kh8 30. Rb3 Nf6 31. f3 Ne8 32. Re3 Nf6 33. h3 h5 34. Kh2 Kg7 35. Kg3 Rh8 36. Rec3 hxg4 37. hxg4 Kh6 38. Ng2 Kg5 39. Nxf4 exf4+ 40. Kf2 Rc7 41. b4 Nd7 42. b5 b6 43. Kg2 Ne5 44. a4 f5 45. exf5 gxf5 46. gxf5 Kxf5 47. Kf2 Rh2+ 48. Bg2 Rg7 49. Rg1 Rg3 50. Kf1 Kg5 51. Bh1 Kh4 0-1

[Event "Paracin Open 2022"]
[Site "Paracin"]
[Date "2022.07.09"]
[Round "2.18"]
[White "Samant Aditya S"]
[Black "Mitev, Valentin"]
[Result "1-0"]
[ECO "B80"]
[WhiteElo "2431"]
[BlackElo "2228"]
[Annotator "RC"]
[PlyCount "106"]
[EventDate "2022.07.08"]
[EventCountry "SRB"]
[SourceTitle "playchess.com"]
[Source "ChessBase"]
[SourceQuality "1"]
[TimeControl "5400+30"]

1. e4 c5 2. Nf3 d6 3. d4 cxd4 4. Nxd4 Nf6 5. Nc3 a6 6. Be3 e6 7. f3 b5 8. a3 h5 9. Bd3 Nbd7 10. a4 bxa4 11. Rxa4 Bb7 12. Nb3 Ne5 13. Be2 Nc6 14. O-O Nd7 15. f4 Nc5 16. Ra3 g6 17. e5 Nb4 18. exd6 Nxb3 19. Bf3 Bxf3 20. Qxf3 Bxd6 21. Rxb3 O-O 22. Rd1 Nd5 23. Nxd5 exd5 24. Qxd5 Be7 25. Rb6 Qxd5 26. Rxd5 Rfb8 27. c4 Rc8 28. c5 Ra7 29. c6 Rac7 30. Rd7 Bf6 31. Rxc7 Rxc7 32. b4 Be7 33. Kf1 Bd6 34. Bd2 Ra7 35. Ke2 Kf8 36. Kd3 Ke8 37. Be3 Kd8 38. Kc4 Bc7 39. Rb7 Rxb7 40. cxb7 Bb8 41. Bb6+ Kd7 42. Kd5 Bxf4 43. Ba7 Bxh2 44. b8=Q Bxb8 45. Bxb8 f6 46. Bh2 h4 47. Kc5 g5 48. Kb6 g4 49. Bf4 Ke6 50. Kxa6 Kf5 51. Bd6 Ke4 52. b5 f5 53. b6 Kd5 1-0

[Event "Paracin Open 2022"]
[Site "Paracin"]
[Date "2022.07.09"]
[Round "2.19"]
[White "Triantos, Konstantinos"]
[Black "Urazayev, Arystanbek"]
[Result "0-1"]
[ECO "C77"]
[WhiteElo "2210"]
[BlackElo "2430"]
[Annotator "RC"]
[PlyCount "88"]
[EventDate "2022.07.08"]
[EventCountry "SRB"]
[SourceTitle "playchess.com"]
[Source "ChessBase"]
[SourceQuality "1"]
[TimeControl "5400+30"]

1. e4 e5 2. Nf3 Nc6 3. Bb5 a6 4. Ba4 Nf6 5. d3 Bc5 6. O-O d6 7. Be3 Bxe3 8. fxe3 b5 9. Bb3 Na5 10. Nc3 O-O 11. Qe1 Nxb3 12. axb3 Be6 13. h3 c6 14. Qh4 h6 15. d4 Qc7 16. b4 Rfe8 17. Qg3 a5 18. dxe5 dxe5 19. Qxe5 Qxe5 20. Nxe5 axb4 21. Ne2 c5 22. Ng3 b3 23. cxb3 Bxb3 24. Nd3 Nd7 25. Nf4 Nb6 26. Nd3 Na4 27. Rf5 g6 28. Rf2 Rad8 29. Nc1 Be6 30. b3 Nc3 31. Ra5 Rd1+ 32. Rf1 Red8 33. Nce2 Nxe2+ 34. Nxe2 Bxb3 35. Nc3 Rxf1+ 36. Kxf1 b4 37. Ne2 Rc8 38. Ke1 Bc2 39. Ng3 c4 40. Kd2 Bd3 41. Rb5 Ra8 42. Rxb4 Ra2+ 43. Kc3 Rxg2 44. Nh1 Rh2 0-1

[Event "Paracin Open 2022"]
[Site "Paracin"]
[Date "2022.07.09"]
[Round "2.20"]
[White "Gan-Erdene, Sugar"]
[Black "Durak, Can"]
[Result "1-0"]
[ECO "E05"]
[WhiteElo "2428"]
[BlackElo "2221"]
[Annotator "RC"]
[PlyCount "69"]
[EventDate "2022.07.08"]
[EventCountry "SRB"]
[SourceTitle "playchess.com"]
[Source "ChessBase"]
[SourceQuality "1"]
[TimeControl "5400+30"]

1. d4 d5 2. c4 e6 3. Nf3 Nf6 4. g3 Be7 5. Bg2 O-O 6. O-O dxc4 7. Qa4 a6 8. Qxc4 b5 9. Qc2 Bb7 10. Bd2 Be4 11. Qc1 Qc8 12. Bg5 Nbd7 13. Nbd2 Bb7 14. Nb3 c5 15. Bxf6 gxf6 16. Qf4 Qb8 17. Qg4+ Kh8 18. Nxc5 Nxc5 19. dxc5 Bxc5 20. Rfd1 Bxf3 21. Bxf3 Ra7 22. Rac1 f5 23. Qh4 Qe5 24. Rd8 Rc7 25. Rcd1 Rc8 26. Rxc8 Rxc8 27. Rd7 Rf8 28. b4 Bb6 29. Bh5 Qg7 30. Qe7 f4 31. Qd6 fxg3 32. hxg3 Qh6 33. Bf3 Qc1+ 34. Kg2 Qc8 35. Rb7 1-0

[Event "Paracin Open 2022"]
[Site "Paracin"]
[Date "2022.07.09"]
[Round "3.1"]
[White "Predke, Alexandr"]
[Black "Gan-Erdene, Sugar"]
[Result "1-0"]
[ECO "E73"]
[WhiteElo "2688"]
[BlackElo "2428"]
[Annotator "TA"]
[PlyCount "101"]
[EventDate "2022.07.08"]
[EventCountry "SRB"]
[SourceTitle "playchess.com"]
[Source "ChessBase"]
[SourceQuality "1"]
[TimeControl "5400+30"]

1. d4 Nf6 2. c4 g6 3. Nc3 Bg7 4. e4 d6 5. Be2 O-O 6. Be3 c5 7. d5 e6 8. Nf3 {[%emt 0:00:10] E73: King's Indian: Averbakh Variation without 6...c5.} exd5 9. cxd5 Re8 10. Nd2 {[%emt 0:01:17] White is slightly better.} Na6 11. O-O Nc7 12. a4 {[%emt 0:08:03][%cal Ba2a4,Ba4a5,Ba5b6][%mdl 32] Prevents b5.} a6 13. Bf4 Rb8 14. a5 $1 Bf8 {[%emt 0:00:25] [#]} 15. Bf3 $146 ({Better is} 15. Bd3 $16) ({Predecessor:} 15. Qc2 Bd7 16. Nc4 Bb5 17. Rfe1 Bxc4 18. Bxc4 Nd7 19. Bg3 Qe7 20. f4 Bg7 21. Rad1 {0-1 (39) Chau Thi Ngoc,G (2128)-Hoang,P Vung Tau 2000}) 15... b5 16. axb6 $1 Rxb6 17. Nc4 Rb4 18. b3 h6 19. h3 Nh7 20. Na2 {[%emt 0:16:44] White is more active.} (20. Re1 $1 $16) 20... Rb8 $1 $11 21. e5 Nb5 22. exd6 Nxd6 23. Nc3 Ng5 {[%emt 0:01:52] Inhibits Ne4.} 24. h4 Nxf3+ 25. Qxf3 {[%emt 0:00:03] And now Bxd6 would win.} (25. gxf3 Bf5 26. Rxa6 Nxc4 27. bxc4 (27. Bxb8 $2 Nb2 $19) 27... Qxh4 28. Bxb8 Rxb8 $19) 25... Nxc4 26. bxc4 Rb3 27. Rae1 Rxe1 28. Rxe1 Qxh4 29. Re8 Bd7 30. Ra8 Rxc3 $1 31. Rxf8+ $1 {[%emt 0:00:12][%mdl 64] Remove Defender} Kxf8 32. Bd6+ Kg8 {[%emt 0:00:09] ( -> ...Rc1+)} 33. Qxc3 Qd4 34. Qxd4 cxd4 {[%emt 0:00:04][%mdl 4096] Endgame KB-KB} 35. Kf1 Bf5 36. Ke2 {[%emt 0:00:03][%mdl 1024] Inhibits Bd3+. White has compensation.} f6 (36... a5 $1 $14) 37. Bc7 $1 $18 Kf7 38. Bb6 d3+ $2 {[%emt 0:00:17] [#]} (38... g5 $16) 39. Ke3 $1 g5 {[%emt 0:00:52] [#]} 40. Ba5 $1 h5 41. c5 {[%emt 0:00:05][%cal Bc4c5,Bc5c6][%mdl 32] aiming for c6.} h4 $2 (41... Ke7 {might work better.} 42. c6 Kd6) 42. f3 {[%emt 0:00:10] Hoping for c6.} Ke8 $2 (42... Ke7 43. Kd4 Bg6) 43. c6 h3 44. gxh3 {[%emt 0:00:14] White threatens d6 and mate.} Bxh3 45. d6 Bd7 46. cxd7+ {[%emt 0:00:12] White mates.} Kxd7 47. Bb4 a5 48. Ba3 Ke6 49. Kxd3 f5 50. Kd4 a4 51. Bb4 {[%emt 0:00:05] Weighted Error Value: White=0.07 (flawless) /Black=0.40} 1-0

[Event "Paracin Open 2022"]
[Site "Paracin"]
[Date "2022.07.09"]
[Round "3.2"]
[White "Amartuvshin, Ganzorig"]
[Black "Praggnanandhaa R"]
[Result "0-1"]
[ECO "D27"]
[WhiteElo "2409"]
[BlackElo "2648"]
[Annotator "TA"]
[PlyCount "110"]
[EventDate "2022.07.08"]
[EventCountry "SRB"]
[SourceTitle "playchess.com"]
[Source "ChessBase"]
[SourceQuality "1"]
[TimeControl "5400+30"]

1. d4 Nf6 2. c4 e6 3. Nf3 d5 4. Nc3 dxc4 5. e3 a6 6. a4 c5 7. Bxc4 Nc6 8. O-O cxd4 9. exd4 Be7 10. Re1 O-O 11. Bg5 {[%emt 0:00:00] 11.Bf4 injects fresh life into this line.} h6 12. Bh4 Nh5 {[%emt 0:03:13] D27: Queen's Gambit Accepted: Classical main line: 7 e4!? and 7 a4.} 13. Bxe7 Nxe7 14. a5 Nf6 {[%emt 0:07:48] The position is equal.} 15. Ne5 Rb8 16. Qd3 b5 {[%emt 0:09:41] [#]} 17. Bb3 $146 ({Predecessor:} 17. axb6 Rxb6 18. b3 Rd6 19. Red1 Qb6 20. Na4 Qb4 21. Nc5 Nf5 22. Ra4 Qb6 23. Bxa6 Nxd4 24. Rxd4 Rxd4 25. Qxd4 Bxa6 {½-½ (41) Polgar,Z (2430)-Garcia Palermo,C (2515) Dortmund 1985}) 17... Rb7 18. f3 Rc7 19. Ne4 {[%emt 0:00:00] Inhibits Qd6.} Nfd5 20. Nc5 Nf5 {[%emt 0:02:53] Threatens to win with ...Nf4.} 21. Rad1 Qd6 22. Qd2 {[%emt 0:02:45] [#]} Nxd4 $1 23. Qxd4 Rxc5 24. Nd3 Rc7 25. Bxd5 exd5 26. b3 Bb7 27. Nb4 (27. b4 $11) 27... Rd8 (27... Rfc8 $1 $15) 28. h4 Re7 (28... Rdc8 $5 ) 29. Nd3 Rc7 30. Nb4 Kf8 31. Rc1 Rdc8 32. Rcd1 Qc5 33. Kf2 Rd8 34. Re2 Qxd4+ 35. Rxd4 Rc3 36. Re3 Rc1 37. Red3 (37. Rd2 $11) 37... Ra1 $17 38. Rc3 Rd7 {[%emt 0:00:54] Against Rc7} 39. Nc2 Rxa5 40. Ke2 Ke7 ({Better is} 40... Rd8 $17 41. Kd2 Ke7) 41. Kd2 Kd6 42. Kc1 Re7 43. Rd2 b4 44. Nxb4 Rc5 45. Kb2 a5 46. Nd3 Rb5 47. f4 (47. Kc2 $17) 47... f6 $19 48. f5 Re3 49. Nf4 Re4 50. Ne6 g5 51. hxg5 hxg5 52. Nd8 (52. Nd4 $142 Rc5 53. Rh3) 52... d4 {[%emt 0:00:57] Hoping for ...Bd5.} 53. Nf7+ $2 (53. Nxb7+ Rxb7 54. Ka3) 53... Kd7 {[%emt 0:00:22] [#] And now ...Bd5 would win. Black is clearly winning.} 54. Nh6 Bd5 {[%emt 0:00:17] Against Rc4} 55. Rg3 Re3 {[%emt 0:00:34] Weighted Error Value: White=0.27 (precise) /Black=0.10 (very precise)} 0-1